[Event "44th Chess Olympiad Open 2022"]
[Site "Chennai"]
[Date "2022.08.01"]
[Round "4.9"]
[White "Horvath, Dominik"]
[Black "Hovhannisyan, Robert"]
[Result "1/2-1/2"]
[WhiteElo "2488"]
[BlackElo "2591"]
[Annotator "TA"]
[PlyCount "74"]
[EventDate "2022.??.??"]
[TimeControl "60"]

1. e4 e5 2. Nf3 Nc6 3. Bb5 Nf6 4. O-O Nxe4 5. Re1 Nd6 {[%emt 0:00:13] The position is equal.} 6. a4 {[%emt 0:02:24] C67: Ruy
Lopez: Berlin Defence: 4 0-0 Nxe4.} Be7 {[%emt 0:01:01] next ...e4 is good for
Black.} 7. Nc3 {[%emt 0:00:07] Inhibits e4.} a6 8. Bf1 e4 9. Nxe4 Nxe4 10. Rxe4 d5 11. Re1 Bg4
{[%emt 0:00:20] [#]} 12. Be2 $146 ({Predecessor:} 12. h3 Bh5
13. Be2 O-O 14. d4 Bd6 15. Ne5 Bxe2 16. Rxe2 Nxe5 17. dxe5 Be7 18. Rd2 {
½-½ (49) Harikrishna,P (2717)-So,W (2772) Berlin 2022}) 12... O-O 13. d4 Re8 14. Bf4 Bd6 15. Bxd6 Qxd6 16. c3 Re7 17. h3 Bh5 18. Nh4 Bxe2 19. Rxe2 Qd7 {[%emt 0:07:03] Prevents Nf5.} 20. Rxe7 Nxe7 21. Qb3 c6 22. Re1 Rd8 23. Qb4 Nc8 24. Nf3 Nd6 25. Nd2 Re8 26. Re5 {[%emt 0:04:15][%cal Yb4d6] [#] And now Qxd6! would win.} f6 27. Rxe8+ Nxe8 $11 {[%emt 0:00:06] Endgame
KQN-KQN} 28. Nb3 Nd6 29. Nc5 Qe7 30. Nxb7 Qxb7 31. Qxd6 Qxb2 {[%emt 0:00:06] KQ-KQ} 32. Qe6+ Kf8 33. Qc8+ Kf7 34. Qxa6 Qc1+ 35. Kh2 {[%emt 0:00:05] [#] Hoping for
Qb7+.} Qf4+ 36. Kg1 {[%emt 0:00:03] Qb7+ is the strong threat.
} Qc1+ 37. Kh2 {[%emt 0:00:10] Threatens to win with Qa7+.}
Ke6 $2 {[%emt 0:00:21] Weighted Error Value: White=0.02 (flawless) /Black=0.01
(flawless) . An unexpected result.} (37... Qf4+ $11 38. Kh1 Qc1+ 39. Kh2)
1/2-1/2

[Event "44th Chess Olympiad Open 2022"]
[Site "Chennai"]
[Date "2022.08.01"]
[Round "4.10"]
[White "Tabatabaei, M. Amin"]
[Black "Noritsyn, Nikolay"]
[Result "1-0"]
[WhiteElo "2664"]
[BlackElo "2482"]
[Annotator "TA"]
[PlyCount "119"]
[EventDate "2022.??.??"]
[TimeControl "60"]

1.
d4 e6 2. c4 d5 3. Nf3 a6 4. Bg5 Be7 5. Bxe7 Nxe7 6. Nbd2 {
[%emt 0:07:10] D30: Queen's Gambit Declined: Systems without Nc3.} Nd7 7. Rc1 O-O 8. Qc2 $1 {
[%emt 0:01:40] White is slightly better.} dxc4 9. Qxc4 c6 {[%emt 0:00:13] [#]} 10. e3 $146 ({
Predecessor:} 10. e4 b6 11. Qc2 Bb7 12. Nc4 c5 13. Nd6 Qb8 14. Nxb7 Qxb7 15.
Rd1 Rac8 16. Qb1 {0-1 (48) Tomic,A (2324)-Blagojevic,D (2491) Podgorica 2022})
10... b6 11. Qc2 Bb7 12. Bd3 h6 13. Ne4 c5 14. dxc5 Rc8 15. Rd1 Nf5 16. Qe2 bxc5 17. O-O c4 18. Bb1 {[%emt 0:01:30]
Threatening Ne5.} Qe7 19. Nd4 (19. Rd2 {
looks sharper.} Rfd8 20. Rfd1 Nb6 21. Rxd8+ Rxd8 22. Rxd8+ Qxd8 23. Qd2) 19...
Bxe4 20. Bxe4 Nxd4 21. Rxd4 c3 {[%emt 0:07:21] [#]} (21... Nb6 $1 $11) 22. bxc3 $1 $16 Rxc3 23. Qxa6 Nc5 {[%emt 0:
00:00] Inhibits Qb7.} 24. Qa5 {[%emt 0:01:57] White is more active.} (24. Qc6
$14) 24... Nxe4 $11 25. Rxe4 Qa3 (25... Qc7 $11 26. Qxc7 Rxc7) 26. Ra4 $1 $14 Qb2 27. h4 Rfc8 {[%emt 0:01:54] Hoping for ...Rc1.
} 28. Rd4 Ra3 29. Rd8+ Kh7 $1 30. Qxa3 Qxa3 31. Rxc8 Qxa2 {[%emt 0:00:00] Endgame
KQ-KRR} 32. Rc7 Kg6 33. h5+ Kxh5 (33... Kf6 $1 $11) 34. Rxf7 $16 Kg6 35. Rf3 h5 36. Rd1 Kh6 37. Rf7 g6 {[%emt 0:01:06] [#]
This move loses the game for Black.} (37... g5 $16 {is a better defense.}) 38.
Kh2 $1 $18 {[%emt 0:01:48] Strongly threatening Rd6.} e5 $2 (
38... Qb2 39. Rd8 g5) 39. Rf6 {[%emt 0:00:53] White wants to mate with Rdd6.}
Qe2 40. Rdd6 Kh7 41. Rde6 Qb2 42. Kg3 e4 43. Rxg6 Qb8+ 44. Rd6 Qb5 45. Rge6 Kg8 46. Rb6 Qd5 47. Kh2 h4 48. Rg6+ Kf7 49. Rbf6+ Ke7 50. Rf4 h3 51. g3 Qa2 52. Rh6 Kd7 53. Rxh3 Kd6 54. Kg2 Kd5 55. Rh5+ Kc4 56. Rxe4+ Kd3 57. Rd4+ Ke2 58. Rhd5 {[%emt 0:00:00] White mates.} Qa8 59. g4 Qb7 60. e4 {[%emt 0:00:00] Weighted Error
Value: White=0.07 (flawless) /Black=0.34} 1-0

[Event "44th Chess Olympiad Open 2022"]
[Site "Chennai"]
[Date "2022.08.01"]
[Round "4.10"]
[White "Hansen, Eric"]
[Black "Maghsoodloo, Parham"]
[Result "1/2-1/2"]
[WhiteElo "2606"]
[BlackElo "2701"]
[Annotator "TA"]
[PlyCount "62"]
[EventDate "2022.??.??"]
[TimeControl "60"]

1. e4 e5 2. Nf3 Nc6 3. Bb5 a6 4. Ba4 Nf6 5. O-O b5 6. Bb3 Bc5 7. c3 d6 8. d4 Bb6 9. Be3 O-O 10. Nbd2 h6 11. h3 Re8 12. Re1 {[%emt 0:
00:00] C78: Ruy Lopez: Archangelsk and Möller Defences.} exd4 13. cxd4 Na5 (13... Nxe4 $2 14.
Nxe4 (14. Bd5 Nxd2 15. Nxd2 Qd7 $16) 14... Rxe4 15. Bd5 Rxe3 16. Rxe3 $18 (16.
fxe3 Qe8 $16)) 14. Bc2 Bb7 15. b4 Nc4 16. Nxc4 bxc4 17. d5 c6 18. dxc6 (18. Ba4 {is more complex.} Rc8 19. Bxb6 Qxb6 20. Nd4) 18...
Bxc6 {[%emt 0:00:05] The position is equal.} 19. Bxb6 Qxb6 20. Qxd6 Rad8 {[%emt 0:00:04] [#]} 21. Qc5
$146 (21. Qf4 {keeps more tension.} Qxb4 22. e5 Bxf3 23. Qxf3
Nd7 24. Qe4) ({Predecessor:} 21. Qf4 Qxb4 22. e5 Bxf3 23. Qxf3 Qa5 24. Qf5 Rd5
25. Rab1 Rdxe5 26. Rxe5 Qxe5 27. Qxe5 Rxe5 {½-½ (43) Vachier Lagrave,M (2757)
-Svidler,P (2732) Germany 2015}) 21... Qxc5 22. bxc5 Nxe4 23. Bxe4 Rxe4 24. Rxe4 ({Don't play} 24. Ne5 Rxe1+ 25. Rxe1 Re8 $17) 24...
Bxe4 $11 {[%emt 0:00:03] Endgame KRB-KRN} 25. Rc1 Bd3 26. Ne5 Rd5 27.
Nxd3 cxd3 28. c6 {[%emt 0:00:06] [#]
Strongly threatening c7.} d2 29. Rd1 Rc5 {
[%emt 0:00:09] ...Rc1 is the strong threat.} 30. Rxd2 Rc1+ 31. Kh2 Rxc6 {[%emt 0:00:02] A balanced but
interesting game. Weighted Error Value: White=0.03 (flawless) /Black=0.01 
(flawless)} 1/2-1/2

[Event "44th Chess Olympiad Open 2022"]
[Site "Chennai"]
[Date "2022.08.01"]
[Round "4.10"]
[White "Daneshvar, Bardiya"]
[Black "Samsonkin, Artiom"]
[Result "1/2-1/2"]
[WhiteElo "2490"]
[BlackElo "2434"]
[Annotator "RC"]
[PlyCount "88"]
[EventDate "2022.??.??"]
[TimeControl "60"]

1. Nf3 Nf6 2. c4 e6 3. g3 d5 4. Bg2 d4 5. O-O c5 6. e3 Nc6 7. exd4 cxd4 8. d3 h6 9. Bf4 Bd6 10. Bxd6 Qxd6 11. Nbd2 O-O 12. a3 a5 13. Rc1 Nd7 14. Qc2 Nc5 15. Nb3 Nxb3 16. Qxb3 a4 17. Qc2 e5 18. Rfe1 Bf5 19. c5 Qc7 20. Nd2 Ra5 21. Ne4 Bxe4 22. Bxe4 Nb8 23. Qd2 Rxc5 24. Rxc5 Qxc5 25. Bxb7 Nd7 26. Rc1 Qb6 27. Qb4 Rb8 28. Qxb6 Nxb6 29. Bc6 Kf8 30. Bb5 Ke7 31. Rc7+ Kd6 32. Rxf7 Nd5 33. Bxa4 Rxb2 34. Rxg7 Nc3 35. Be8 e4 36. dxe4 Nxe4 37. Rd7+ Kc5 38. Bf7 Nxf2 39. Rd5+ Kc6 40. Rxd4 Nh3+ 41. Kh1 Nf2+ 42. Kg2 Ne4+ 43. Kg1 Rb1+ 44. Kg2 Rb2+ 1/2-1/2

[Event "44th Chess Olympiad Open 2022"]
[Site "Chennai"]
[Date "2022.08.01"]
[Round "4.10"]
[White "Preotu, Razvan"]
[Black "Idani, Pouya"]
[Result "1-0"]
[WhiteElo "2445"]
[BlackElo "2641"]
[Annotator "TA"]
[PlyCount "117"]
[EventDate "2022.??.??"]
[TimeControl "60"]

1. e4 c6 2. Nc3 d5 3. Nf3 Bg4 4. h3 Bxf3 5. Qxf3 e6 6. Be2 d4 {[%emt 0:00:07] B11: Caro-Kann: Two
Knights Variation.} 7. Nb1 Bd6 {[%emt 0:00:05] 7...Ne7 is the
modern continuation.} 8. d3 Ne7 {[%emt 0:00:07] The position
is equal.} 9. Nd2 {[%emt 0:01:26] [#]} Bc7 $146 ({Predecessor:
} 9... Nd7 10. O-O O-O 11. g3 c5 12. Qg2 Nc6 13. f4 Bc7 14. e5 Nb4 15. Bd1 b5 {
1-0 (27) Korostenski,F (1709)-Willmann,B (1843) LSS email 2012}) 10. Nb3 Ng6 11. c3 h5 {[%emt 0:04:20]
And now ...Nh4 would win.} 12. g3 {[%emt 0:03:16] Prevents Nh4.} (12. Nxd4 $2
Nh4 13. Qxh5 Nxg2+ 14. Kf1 Rxh5 $19) 12... Ne5 13. Qg2 dxc3 14. d4 cxb2 15. Bxb2 Ba5+ 16. Kf1 $1 (16. Nxa5 Qxa5+ 17. Kd1 (17. Kf1 Qd2 $17) 17... Qb4 $17) 16... Ng6 17. Rd1 Nd7 18. d5 Bb6 19. Bxg7 Rg8 20. dxe6 (20. Bb2 $16) 20... fxe6 $14 21. Bc3 (21. Bh6 $14) 21... h4 (21... Qe7 $5 )
22. Nd4 (22. Rg1 $1 $11 {remains equal.}) 22... Qf6 23. gxh4 (23. Nb5 Nde5 24. Nd6+ Ke7 $11) 23... O-O-O
$1 24. Qg5 ({Better is} 24. Nxc6 $1 $15 Qxc3
25. Nxd8) 24... Qf7 $1 $19 {[%emt 0:00:35] Black has strong compensation.} (
24... Nxh4 25. Qxf6 Nxf6 26. Nxe6 Rxd1+ 27. Bxd1 Nxe4 28. Be1 $11) 25. Bh5 Nf6 (25... e5 26. Nf5 Qc4+ 27. Kg1 $19) 26.
Bf3 e5 $2 (26... Rd7 $19 27. h5 Ne7) 27. Qf5+
$17 Kb8 $2 (27... Rd7 $1 $17 {stays on
course.} 28. Ne2 Nxh4 29. Rxd7 Qxd7 30. Qxd7+ (30. Qxf6 Bd8 $17) 30... Kxd7 31.
Bg4+ (31. Bxe5 Nxf3 32. Bxf6 Nd2+ 33. Ke1 Nxe4 $17) 31... Nxg4 32. hxg4 Rxg4
33. Bxe5 Rxe4) 28. Ne6 $16 Rde8 29. h5 $1 {
[%emt 0:00:12] 0x0.0005eb8d7aacdp-1022s more active pieces.} (29. Bxe5+ Nxe5
30. Qxe5+ Ka8 $17) 29... Qxe6 30. Qxe6 (30.
hxg6 $2 Qc4+ 31. Kg2 Qxc3 $17) 30... Rxe6 31. hxg6 Rxg6 32. h4 Kc7 33. h5 Rg8 34. Ke2 Rh8 (34... Bd4 $16 {might work better.}) 35.
Rdg1 $18 Bd4 36. Rg7+ Kd6 37. Bd2 b5 38. h6 Ne8 39. Rg2 Nf6 40.
Rg6 c5 41. Bg5 Nh7 42. Rxe6+ Kxe6 43. Bg4+ Kf7 44. Bc1 Nf8 (44...
Nf6 $16 {was necessary.} 45. Bf5 Ng8) 45. Bf5 $2 (45. Rg1 $18
{is more deadly.}) 45... c4 46. Rg1 $1 {[%emt 0:00:00]
Strongly threatening Rg7+.} Rg8 {[%emt 0:00:10] Against Rg7+} 47. Rg3 ({White should play} 47. Bg4 $16 {Threatens to win with Bh5+.} Kf6 48.
Rg3) 47... b4 {[%emt 0:04:22] [#]} ({Black should try} 47... Rxg3 $14 48. fxg3
b4) 48. Bd2 (48. h7 Nxh7 49. Rxg8 (49. Bxh7 Rxg3 50. fxg3 b3
$11) 49... Kxg8 $14) (48. Bg4 $1 $16 {[%cal Rg4h5] Bh5+ is the strong threat.}
Ke7 49. Bh5 Rxg3 50. fxg3) 48... a5 $11 49. h7 Nxh7 50. Bxh7 {[%emt 0:00:18] This bishop pair is nice.}
Rxg3 51. fxg3 {[%emt 0:00:06] Black must now prevent Kd1.} b3
$2 (51... c3 $14) 52. axb3 $18 cxb3 53. Kd3 a4 54. Bb4 Bb2 55. Bc3 $2 (55. Kd2 Bd4 56. Bf5) 55...
Bc1 56. Bf5 ({Inferior is} 56. Bxe5 a3 57.
Kc3 (57. Bf5 $2 a2 $19) 57... Bb2+ 58. Kxb3 Bxe5 $11) 56... Kf6 $2 (56... a3 57. Bg4 (57. Bxe5 $2 a2 $19) 57... a2) 57. Bd7 {[%emt 0:00:50]
White is clearly winning.} a3 {[%emt 0:00:22] [#]} 58. Ba4 $1 b2 59. Kc2 {[%emt 0:00:05] Never resign too early! Weighted
Error Value: White=0.32/Black=0.27 (precise)} 1-0

[Event "44th Chess Olympiad Open 2022"]
[Site "Chennai"]
[Date "2022.08.01"]
[Round "4.11"]
[White "Volokitin, Andrei"]
[Black "Gazik, Viktor"]
[Result "0-1"]
[WhiteElo "2674"]
[BlackElo "2544"]
[Annotator "TA"]
[PlyCount "98"]
[EventDate "2022.??.??"]
[TimeControl "60"]

1. e4 c5 2. Nf3 d6 3. d4 cxd4 4. Nxd4 Nf6 5. Nc3 g6 6. Be3 Bg7 7. f3 O-O 8. Qd2 Nc6 9. O-O-O d5 10. exd5 Nxd5 11. Nxc6 bxc6 12. Bd4 e5 13. Bc5 Re8 {[%emt 0:00:03] is now debated instead of 13.
..Be6.} 14. Nxd5 cxd5 15. Qxd5 {[%emt 0:00:
00] B76: Sicilian Dragon: Yugoslav Attack, 9 g4 and 9 0-0-0.} Qxd5 16. Rxd5 Be6 17. Rd3 {[%emt 0:06:13]
The position is equal.} Rec8 18. Be3 {[%emt 0:03:17] [#]} a5
$5 $146 {[%emt 0:04:12] New and interesting.} ({Predecessor:} 18... Bxa2 19.
Ra3 Be6 20. Ba6 Rc7 21. Rd1 Rb8 22. Ra5 h5 23. Rb5 Rxb5 24. Bxb5 e4 {1-0 (45)
Nevostrujev,V (2461)-Zaitsev,V (2352) Kemerovo 2012}) 19. a4 Rab8 20. Rd2 Rb4 {[%emt 0:15:37]
aiming for ...e4.} 21. b3 (21. c3 $5 Rxa4 22.
Kb1 $11) 21... Bxb3 $40 {[%emt 0:19:36] Black has some attack.} 22. Ba6 {
[%emt 0:00:32] [#]} Ba2 $1 23. c4 $1 Rcb8 {[%emt 0:02:06] Strongly threatening ...Rb1+.} 24. Rxa2 {
[%emt 0:15:12] White is now going downhill.} (24. Rhd1 $15 Rb1+ 25. Kc2 R8b2+
26. Kd3 Rxd1 27. Rxd1) 24... Rb1+ $17 {[%emt 0:00:00] Skewer} 25. Kd2 (25. Kc2 $17 Rxh1 26. c5) 25... Rxh1 $19 26. Ke2 e4 27. fxe4 Rxh2 28. Kf2 Rh4 {[%emt 0:00:03] Prevents Bf4.} 29. c5 (29. Bb5 $142) 29... Rxe4 30. c6 Be5 {[%emt 0:01:12] Hoping for ...Rb3.} 31. Bb5 Bc7 32. Rd2 Rbe8 33. Rd7 (33. Bh6 $142 R8e5 34. g3) 33... Rxe3 34. Rxc7
{[%emt 0:00:03] Endgame KRR-KRB} R3e7 35. Rd7 {[%emt 0:01:04]
[#]} (35. Rb7 $142 Kg7 36. Bc4) 35... Rxd7 $1 36. cxd7 {
[%emt 0:00:02] KR-KB} Rd8 37. Ke3 Kf8 38. Kd4 Ke7 39. Kc5 Rxd7 {[%emt 0:00:27] ...Rd2 is the strong threat.} 40. Bxd7 Kxd7 {[%emt 0:00:04] KP-KP. Black mates.} 41. Kb6 h5 42. Kxa5 {[%emt 0:00:06] K3P-KPP} h4 43. Kb6 g5 44. a5 {[%emt 0:01:21] 
[#]} Kc8 $1 45. Ka7 g4 46.
a6 h3 47. Ka8 h2 48. a7 h1=R 49. g3 {[%emt 0:00:11] 
[#]} Rh4 $3 {[%emt 0:00:06] Weighted Error Value: White=0.64/Black=0.05 
(flawless) . Loss on time!?} 0-1

[Event "44th Chess Olympiad Open 2022"]
[Site "Chennai"]
[Date "2022.08.01"]
[Round "4.11"]
[White "Shevchenko, Kirill"]
[Black "Repka, Christopher"]
[Result "1/2-1/2"]
[WhiteElo "2654"]
[BlackElo "2516"]
[Annotator "TA"]
[PlyCount "90"]
[EventDate "2022.??.??"]
[TimeControl "60"]

1. e4 e5 2. Nf3 Nc6 3. Bb5 Nge7 4. Nc3 Ng6 5. d4 Nxd4 6. Nxd4 {[%emt 0:00:17] C60: Ruy Lopez: Unusual Black 3rd
moves and 3...g6.} exd4 7. Qxd4 c6 8. Bc4 {[%emt 0:11:22] White is slightly better.} b5 9. Be2 Qb6 10. Be3 Qxd4 11. Bxd4 {[%emt 0:00:02] [#]} b4 $146 ({Predecessor:} 11... Nf4 12. Bf3 Ne6 13. Be3 b4 14. Nb1 a5 15. a3 Rb8
16. axb4 Bxb4+ 17. Kd1 O-O {½-½ (43) Arnason,J (2500)-Wedberg,T (2495) Oslo
1984}) 12. Na4 Nf4 13. Bf1 Ne6 14. Be3 d5 15. exd5 cxd5 16. Bb5+ Bd7 17. Bxd7+ Kxd7 18. O-O-O Kc6 19. Rd2 Be7 20.
Rhd1 Rhd8 21. c3 Bf6 $1 22. Rd3 bxc3 23. bxc3 Rac8 (23... Rab8 $15) 24. Nb2 $11 a5 25. Kc2 a4 26. Nxa4 (26. Rb1 $11) 26... Ra8 $17 27.
Nb2 ({Don't go for} 27. Nb6 $2 Rxa2+ 28. Kb1 Ra5 $19) 27...
Rxa2 {[%emt 0:00:16] White must now prevent ...Rb8.} 28. Kb1 Ra3 29. Bd4 Nxd4 30. cxd4 Rxd3 31. Rxd3 {[%emt 0:01:09] Endgame KRB-KRN}
Re8 32. Kc2 (32. Kc1 $17 {keeps fighting.})
32... Re2+ $19 {[%emt 0:00:16] Black is clearly better.} 33. Rd2 Rxd2+ 34. Kxd2 Bxd4 {[%emt 0:00:09]
KB-KN} 35. Nd3 Kb5 36. Ke2 Kc4 37. h3 Bf6 38. Ne1 Bc3 {[%emt 0:01:15] [#] And now ...Bxe1 would win.} 39. Nd3 Kd4 40. Nc1 Bb4 41. Nd3 Bd6 42. Ne1 Ke4 43. Nd3 f5 44. Nc1 g5 45. Nd3 h5 {[%emt 0:00:00]
Weighted Error Value: White=0.11 (very precise) /Black=0.06 (flawless)} 1/2-1/2

[Event "44th Chess Olympiad Open 2022"]
[Site "Chennai"]
[Date "2022.08.01"]
[Round "4.11"]
[White "Pechac, Jergus"]
[Black "Korobov, Anton"]
[Result "1-0"]
[WhiteElo "2594"]
[BlackElo "2692"]
[Annotator "TA"]
[PlyCount "65"]
[EventDate "2022.??.??"]
[TimeControl "60"]

1. d4 Nf6 2. c4 e6 3. Nf3 Bb4+ 4. Nc3 b6 5. e3 Bb7 6. Bd3 O-O 7. O-O c5 8. Re1 {[%emt 0:00:31] E43: Nimzo-Indian:
Rubinstein: 4...b6.} d5 9. cxd5 {[%emt 0:00:28] [#]} exd5 $146 ({Predecessor:} 9... Nxd5 10. Bd2 cxd4 11. exd4 Nc6 12. a3 Be7
13. Qc2 Nf6 14. Be3 Rc8 15. Rad1 g6 16. Bh6 Re8 17. Qe2 Qc7 18. h3 Red8 19. Bb1
Rd7 20. Ba2 Bf8 {1-0 (28) Del Rio de Angelis,S (2511)-Perez Gonzalez,J (2199)
Linares 2021}) 10. a3 {[%emt 0:04:00] The position is equal.} Ba5 (10... Bxc3 $5 11. bxc3 Nbd7 $11) 11. Bd2 c4
{[%emt 0:02:33] White must now prevent ...Bxc3.} 12. Bc2 (12.
b4 $5 Bxb4 13. axb4 (13. Bxh7+ Nxh7 14. axb4 Re8 $14) 13... cxd3 14. Ne5 $11)
12... Nbd7 13. Ne5 Re8 14.
f4 a6 15. a4 Rc8 16. Rf1 Qe7 17. Be1 Ne4 18. Nxe4 dxe4 19. b4 Nxe5 20. bxa5 Nc6 (20... Nd7 $142) 21. axb6 $16 a5 22.
d5 (22. f5 $142) 22... Nb4 {[%emt 0:03:04] A mistake that
costs the game.} (22... Rcd8 $16) 23. d6 $18 Qd7 24. Bxb4 axb4 25. a5 b3 {[%emt 0:01:33] [#]} 26. Bxb3 cxb3 {[%emt 0:00:24] [#]} 27. a6 $1 Bc6 (
27... b2 28. axb7 Qxb7) 28. Qxb3 Qxd6 29.
Rfc1 Rcd8 30. b7 {[%emt 0:01:08] White is
clearly winning.} Qg6 {[%emt 0:02:33] [#]} (30... Bxb7 $142 31. axb7 Rb8) 31.
Rxc6 $1 {[%emt 0:06:16] Promotion} Qxc6 32. a7 {[%emt 0:00:08]
Prevents Rb8.} Rd3 33. Qb4 {[%emt 0:03:00] Weighted Error
Value: White=0.07 (flawless) /Black=0.40} (33. Qb2 $142 Rdd8 34. b8=Q) 1-0

[Event "44th Chess Olympiad Open 2022"]
[Site "Chennai"]
[Date "2022.08.01"]
[Round "4.11"]
[White "Druska, Juraj"]
[Black "Kuzubov, Yuriy"]
[Result "0-1"]
[WhiteElo "2519"]
[BlackElo "2642"]
[Annotator "TA"]
[PlyCount "126"]
[EventDate "2022.??.??"]
[TimeControl "60"]

1. e4 e5 2. Nf3 Nf6 3. d4 Nxe4 4. Bd3 d5 5. Nxe5 Nd7 6. Nc3 Nxe5 7. dxe5 Nxc3 8. bxc3 Bc5 {[%emt 0:00:05] C43:
Petroff Defence: 3 d4.} 9. O-O O-O {[%emt 0:00:07] The main
line 9...0-0 scores better than 9...Be6.} 10. Qh5 g6 $1 {[%emt 0:00:14] The position is equal.} 11. Qh6 Re8 {[%emt 0:00:16] [#]} 12. Qf4 $146 ({Predecessor:} 
12. Bg5 Bf8 13. Bxd8 Bxh6 14. Bxc7 Bf5 15. Bxf5 gxf5 16. Rfd1 Rac8 17. Bd6 Rxc3
18. Rxd5 Rxc2 19. a4 Rd8 20. g3 Bf8 21. Rb1 b6 22. a5 Rc6 23. axb6 axb6 {
½-½ (23) Volokitin,A (2677)-Nepomniachtchi,I (2782) Warsaw 2021}) 12... Bf8 13. Qg3 c5 14. Bb5 Bd7 15. Bg5 Be7 16.
Bxd7 Qxd7 17. Bxe7 Qxe7 18. Rae1 Qe6 19. f4 Qf5 20. Qh4 d4 21.
g4 Qd7 22. Rf3 dxc3 23. Rh3 (23. Rd3 $5 Qa4 24. Rh3 Qd4+ 25. Kh1 Qd5+ 26. Kg1 Qd4+ 27. Kg2 Qd2+ 28. Kf3
Qd5+ 29. Kf2 Qd2+ 30. Kf3 Qd5+ 31. Kg3 $11) 23... f6 {[%emt 0:00:00] Active
counter play!} (23... h5 24. gxh5 Re6 25. Rd3 $16 (25. Rxc3 Rae8 $16) (25. hxg6
Rxg6+ 26. Kf1 Kf8 $16)) 24. Rd3 Qf7 (24...
Qe7 $11 {keeps the balance.}) 25. Red1 $1 $16 g5 26. fxg5 Rxe5 (26... fxg5 $16 {was
called for.} 27. Qxg5+ Qg6) 27. gxf6 $18 {[%emt 0:02:05] Intending Rd8+ and
mate.} Rae8 28. Rxc3 h5 (
28... Rf8 {keeps fighting.}) 29. Rcd3 Qc4 $2 (29... a6 30. Rf1 c4) 30. Rf1 $2 (30. Rd7 {Black must now
prevent f7+.} Rf8 31. Qg3) 30... Kf7 31. h3 {[%emt 0:05:58]
Threatens to win with Rd7+.} (31. Rd7+ Ke6 32. Rg7 (32. Rxb7 Qd4+ 33. Qf2 Qxg4+
34. Qg2 Qxg2+ 35. Kxg2 Rf8 $18) (32. Re7+ Rxe7 33. fxe7 Qd4+ 34. Kh1 Qe4+ 35.
Kg1 Qd4+ 36. Kh1 Kd7 $11) 32... Qd4+ 33. Qf2 hxg4 $18) 31... Rd5 {[%emt 0:00:
00] Inhibits Rd7+.} 32. Qg3 Rxd3 (32... Ree5
$142 33. Re1 (33. gxh5 $2 Rg5 $19) 33... Rxd3 34. Qxe5 Qd4+ 35. Qxd4 Rxd4) 33.
Qc7+ {[%emt 0:00:30] Zwischenzug, Double Attack} ({Not} 33. cxd3 Qd4+ 34. Rf2
Re1+ 35. Kg2 (35. Kh2 Qe5 $14) 35... Qd5+ 36. Qf3 Qxf3+ 37. Rxf3 (37. Kxf3
hxg4+ 38. Kxg4 Rg1+ 39. Kf5 Rg3 $11) 37... hxg4 38. hxg4 Re8 $16) (33. Qxd3
Qxd3 34. cxd3 hxg4 35. hxg4 Rd8 $11) 33... Ke6 34. Re1+ $2 (34. cxd3 $18 Qc3 35. f7 Qd4+ 36. Kh1) 34... Kxf6 $11 35. Rf1+ Kg6 36. cxd3 {[%emt 0:01:04]
Endgame KQR-KQR} Qd4+ 37. Kh1 Qd5+ 38. Kg1 {[%emt 0:00:03] gxh5+ would kill now.} hxg4 {[%emt 0:00:33]
Chess con chili.} (38... Re2 {is a self mate.} 39. gxh5+ Kxh5 40. Qh7+ Kg5 41.
Qg7+ Kh5 42. Qg4+ Kh6 43. Rf6+ Kh7 44. Qg6+ Kh8 45. Qh6+ Kg8 46. Rf8#) 39. Qf4 Qd4+ (39... Qe6 $5 40. hxg4
Qe3+ 41. Kg2 Qxf4 42. Rxf4 Re2+ 43. Kf3 Rxa2 $17) 40. Qxd4 cxd4 {[%emt 0:00:04] KR-KR} 41. Rf4 $2 (41. hxg4 $11 {and
White stays safe.} Re3 42. a4) 41... gxh3 $19 42. Rxd4 Re1+ 43. Kh2 Re2+ 44. Kxh3 Rxa2 45. Kg4 Rf2 46. Rd7 (46. Rd8 $17 {was necessary.})
46... Rf7 47. Rd8 {[%emt 0:00:03] [#]} (47. Rd4) 47... b6 $2 (47... Kf6 $1 $19 {is more deadly.} 48. Re8 Rd7) 48. d4 $2 {
[%emt 0:08:36] [#]} (48. Ra8 $17) 48... Kf6 $1 {[%emt 0:00:14] And now ...Ke6
would win.} 49. Rd6+ Ke7 50. Rh6 (50. Rc6 $142 Kd8 51. Kg5) 50... Kd7 51. d5 Kc7 52. Rc6+ Kb7 53.
Rc1 a5 54. Kg5 Rd7 55. Rd1 Kc7 56. Rc1+ Kd6 57. Rc6+ Kxd5 58. Rxb6 Ra7 {[%emt 0:00:00] Black mates.} ({Worse is} 58... a4 59. Ra6
$11) 59. Kf4 a4 60. Rb8 a3 61. Rd8+ Kc4 62. Rc8+ Kb3 63. Rb8+ Ka4 {[%emt 0:00:00] Never resign too early! Weighted Error Value: White=0.77/
Black=0.23 (precise)} 0-1

[Event "44th Chess Olympiad Open 2022"]
[Site "Chennai"]
[Date "2022.08.01"]
[Round "4.12"]
[White "Berkes, Ferenc"]
[Black "Albornoz Cabrera, Carlos Daniel"]
[Result "1/2-1/2"]
[WhiteElo "2649"]
[BlackElo "2566"]
[Annotator "TA"]
[PlyCount "65"]
[EventDate "2022.??.??"]
[TimeControl "60"]

1. d4 Nf6 2. c4 e6 3. Nc3 Bb4 4. e3 O-O 5. Bd3 d5 6. a3 Bxc3+ 7. bxc3 dxc4 8.
Bxc4 c5 9. Nf3 Qc7 10. Be2 b6 {[%emt 0:02:16] E53: Nimzo-Indian:
Rubinstein: Main Line (4...0-0 5 Nf3 d5 6 Bd3 c5 7 0-0).} 11. Bb2 $1 {[%emt 0:
00:00] is currently scoring better than 11.0-0.} Ba6 12. c4 Nbd7 13. Rc1 {[%emt 0:02:54] [#]} cxd4 $146 ({Predecessor:} 13... Rfd8 14. O-O Rac8 15. Re1 Bb7 16. h3 Nf8
17. Qb3 Ng6 18. Red1 cxd4 19. exd4 Qf4 {0-1 (40) Rusev,K (2548)-Capone, N 
(2373) Baku 2016}) 14. exd4 Bb7 15. O-O Qf4 16. Qd2 Qxd2 17. Nxd2 Rac8 (17... Rfd8 $11) 18. a4
$14 Rfd8 19. a5 Nb8 20. Nb3 (20. Ra1 $14)
20... Ba6 21. Rfd1 Ne8 22.
Kf1 Nc6 23. axb6 axb6 24. Ra1 Nb8 25. Rac1 (25. Nd2 {is more complex.} Nd6 26. Rxa6 Nxa6 27. c5) 25... Nc6 26. f3 Ne7 27. Kf2 Nd6 28. Ba3 Nef5 29. Bxd6 (29. g4 $5 Bxc4 30. gxf5 Bxb3 31. Bxd6 Bxd1 32. Rxc8 Rxc8 33. Bxd1 $14)
29... Nxd6 {[%emt 0:00:11] The position is equal.} 30. c5 Bxe2 31. Kxe2 Nf5 32. cxb6 {
[%emt 0:04:57] [#] Strongly threatening Rxc8.} Rb8 33. d5 {
[%emt 0:00:08] Weighted Error Value: White=0.08 (flawless) /Black=0.08 
(flawless)} 1/2-1/2